 Dungeon Crawl Stone Soup version 0.31-a0-152-g6aa68a64a1 (webtiles) character file.

Game seed: 10786867338956009940

4939 qw the Cleaver (level 10, -3/63 HPs)
             Began as a Gargoyle Fighter on June 10, 2023.
             Was a Priest of Okawaru.
             Killed from afar by an oklob plant (15 damage)
             ... with a splash of acid
             ... on level 8 of the Dungeon.
             The game lasted 00:03:46 (5917 turns).

qw the Cleaver (Gargoyle Fighter)                   Turns: 5917, Time: 00:03:47

Health: -3/63      AC: 26    Str: 24      XL:     10   Next: 52%
Magic:  25/25      EV:  9    Int:  8 (9)  God:    Okawaru [***...]
Gold:   439        SH:  6    Dex:  9      Spells: 9/9 levels left

rFire   . . .        Y - +0 war axe
rCold   . . .        c - +0 buckler
rNeg    + . .        o - +0 plate armour
rPois   inf          f - +1 helmet
rElec   +            (no cloak)
rCorr   .            e - +2 pair of gloves
SInv    .            i - +0 pair of boots
Will    .....        t
                       - Hermit's Pendant {Faith Invo=14 Evo=0 MP+5} Stlth
                     m - +4 ring of protection
HPRegen 0.30/turn    (no ring)
MPRegen 0.19/turn

%: faith
@: about to teleport, heroic, corroded
A: sickness immunity, AC +7, negative energy resistance 1, electricity
resistance, torment resistance 1, petrification resistance, hooves 1,
deterioration 1
a: Renounce Religion, Heroism


You were on level 8 of the Dungeon.
You worshipped Okawaru.
Okawaru was most pleased with you.
You visited 1 branch of the dungeon, and saw 8 of its levels.

You collected 439 gold pieces.


Innate Abilities, Weirdness & Mutations

You are immune to sickness and miasma.
Your stone body is resilient. (AC +7)
You are immune to poison.
You resist negative energy. (rN+)
You are resistant to electric shocks. (rElec)
You are resistant to unholy torment.
You are immune to petrification.
You have large cloven feet.
Your body sometimes deteriorates upon taking damage.


   Skills:
 + Level 7.5(12.5) Fighting
 - Level 10.3(15.3) Axes
 - Level 1.0(6.0) Throwing
 - Level 7.0(12.0) Armour
 - Level 1.4(6.4) Dodging
 - Level 5.7(10.7) Shields
 - Level 4.1(14.0) Invocations


You had 9 spell levels left.
You didn't know any spells.
Your spell library was empty.

Inventory:

Hand Weapons
 n - a +0 morningstar
 Y - a +0 war axe (weapon)
Missiles
 k - 4 boomerangs (quivered)
Armour
 c - a +0 buckler (worn)
 e - a +2 pair of gloves (worn)
 f - a +1 helmet (worn)
 i - a +0 pair of boots (worn)
 o - a +0 plate armour (worn)
 s - the +0 buckler "Ogan" {Harm Rampage rC- rN+}
   (You acquired it on level 7 of the Dungeon)

   rC:        It makes you vulnerable to cold.
   rN:        It protects you from negative energy.
   Harm:      It increases damage dealt and taken.
   Rampage:   It bestows one free step when moving towards enemies.
Jewellery
 m - a +4 ring of protection (left hand)
 t - the Hermit's Pendant (around neck) {Faith Invo=14 Evo=0 MP+5}
   (You found it on level 7 of the Dungeon)

   [amulet of faith]

   Invo=14: It sets your Invocations skill to 14.
   Evo=0: It sets your Evocations skill to 0.
   It allows you to gain divine favour quickly.
   MP:        It affects your magic capacity (+5).
Wands
 r - a wand of digging (4)
Scrolls
 j - 4 scrolls of teleportation
 l - 2 scrolls of identify
 u - 2 scrolls of silence {unknown}
Potions
 a - a potion of curing
 b - a potion of haste
 d - 5 potions of might
 g - a potion of mutation
 h - a potion of resistance
 p - a potion of heal wounds
 q - a potion of attraction

Dungeon Overview and Level Annotations

Branches:
Dungeon (8/15)             Temple (0/1) D:5
   Lair: D:8-11

Altars:
Ashenzari
Cheibriados
Fedhas
Kikubaaqudgha
Nemelex Xobeh
Okawaru
Ru
Xom

Annotations:
D:3 1 runed translucent door, qw's ghost, amateur MiHu
D:4 4 runed translucent doors, Crazy Yiuf; qw's ghost, amateur MiHu


Message History

Enter note: You hit the floating eye but do no damage.
The oklob plant spits acid at you. The splash of acid hits you!
The orc warrior hits the plant with a +0 dire flail!
The plant begins to die.
The oklob plant spits acid at you.
The splash of acid hits you but does no damage.
The acid corrodes you!
You hit the floating eye.
The floating eye is moderately wounded.
The floating eye seems to glare at you.
The orc warrior hits the plant with a +0 dire flail!
You slash the floating eye!
The floating eye is severely wounded.
A nearby plant withers and dies.
The oklob plant spits acid at you. The splash of acid hits you!
Your body deteriorates!
You feel dopey.
You slice the floating eye!!
You kill the floating eye!
Okawaru accepts your kill.
You hit the orc. You slash the orc!
You kill the orc!
Okawaru accepts your kill.
Enter note:
Enter note:
Enter note: The orc warrior throws a stone.
The stone hits you but does no damage.
You hit the orc wizard but do no damage.
A nearby plant withers and dies.
The orc wizard gestures at you while chanting.
The puff of flame hits you!
5917 ||| READING 5 scrolls of teleportation.
As you read the scroll of teleportation, it crumbles to dust.
You feel strangely unstable. The oklob plant spits acid at you.
The splash of acid hits you!
You die...

###'##.# #...... ..
#.##.# #...... ...##
#.##.# #...... .....##
#.##.# #......
...#...###.##.# #......
.........#....####..##..
...........##...##.###..
.......)....#.#>...# #..
......o@....#.#.#### ###
...P...o......#.#
....PP.P.....##.#
.PP....P....%##.#
.P>.P./.P..[%##.#
.PPP.?........#.#
..PP!PP.......#'#
...P.P...........
..................


You could see 4 oklob plants, an orc warrior and an orc wizard.

Vanquished Creatures
  A two-headed ogre (D:8)
  An ugly thing (D:7)
  6 yaks (D:8)
  2 steam dragons
  Menkaure (D:6)
  A floating eye (D:8)
  An orc warrior (D:6)
  A sky beast (D:7)
  An ogre (D:6)
  A centaur (D:7)
  2 phantoms
  Blork the orc (D:5)
  2 kobold brigands
  3 scorpions
  12 wights (D:6)
  9 electric eels
  4 howler monkeys
  5 hounds
  An orc priest (D:4)
  2 sleepcaps
  Ijyb (D:3)
  An iguana (D:5)
  5 orc wizards
  A mummy (D:4)
  Robin (D:2)
  10 adders
  A shadow imp (D:7)
  2 white imps (D:8)
  A worm (D:2)
  2 dart slugs
  21 orcs
  4 ball pythons
  2 bats
  7 endoplasms
  A giant cockroach (D:3)
  10 goblins
  6 hobgoblins
  3 jackals (D:2)
  10 kobolds
  2 quokkas
  2 frilled lizards (D:2)
  6 rats
156 creatures vanquished.

Notes
Turn   | Place    | Note
-------+----------+-------------------------------------------
     0 | D:1      | qw the Gargoyle Fighter began the quest for the Orb.
     0 | D:1      | Reached XP level 1. HP: 14/14 MP: 1/1
     0 | D:1      | 0 ||| qw: Version: 0.2-a-123-gb51047a
     0 | D:1      | 0 ||| qw: Game counter: 3793
     0 | D:1      | 0 ||| qw: Always use a shield: true
     0 | D:1      | 0 ||| qw: God list: Okawaru
     0 | D:1      | 0 ||| qw: Allow faded altars: false
     0 | D:1      | 0 ||| qw: Do Orc after D:15 true
     0 | D:1      | 0 ||| qw: Do second Lair branch before Depths: true
     0 | D:1      | 0 ||| qw: Lair rune preference: random
     0 | D:1      | 0 ||| qw: Plans: Normal, Zot:1-4, Slime:5, God:TSO, Crypt,
                  | Tomb, Abyss, Pan, Hells, Win
     0 | D:1      | 0 ||| PLANNING D:1-11
   119 | D:1      | Reached skill level 2 in Axes
   327 | D:1      | Reached XP level 2. HP: 19/19 MP: 2/2
   392 | D:1      | You fall into a shaft and drop 1 floor!
   393 | D:2      | 393 ||| UPGRADING to +2 pair of gloves.
   398 | D:2      | 398 ||| READING scroll labelled BAORID TODE.
   399 | D:2      | 399 ||| READING scroll labelled TUAKOUSTAMUJ.
   428 | D:2      | 428 ||| Stepping ~*~*~tactically~*~*~ (stealth).
   512 | D:2      | Reached skill level 3 in Axes
   512 | D:2      | Noticed Robin
   516 | D:2      | Reached XP level 3. HP: 19/23 MP: 3/3
   522 | D:2      | Killed Robin
   537 | D:2      | 537 ||| UPGRADING to +0 helmet.
   601 | D:2      | 601 ||| READING scroll labelled DAUMUCUSTO.
   917 | D:2      | Reached XP level 4. HP: 28/28 MP: 4/4
  1069 | D:2      | 1069 ||| Stepping ~*~*~tactically~*~*~ (hiding).
  1070 | D:2      | 1070 ||| Stepping ~*~*~tactically~*~*~ (hiding).
  1340 | D:3      | Noticed Ijyb
  1347 | D:3      | Killed Ijyb
  1348 | D:3      | Reached skill level 4 in Axes
  1492 | D:3      | 1492 ||| Stepping ~*~*~tactically~*~*~ (stealth).
  1538 | D:3      | 1538 ||| Stepping ~*~*~tactically~*~*~ (stealth).
  1558 | D:3      | 1558 ||| Stepping ~*~*~tactically~*~*~ (stealth).
  1579 | D:3      | 1579 ||| READING scroll of enchant armour.
  1579 | D:3      | 1579 ||| ENCHANTING +0 helmet.
  1583 | D:3      | Found a runed translucent door.
  1583 | D:3      | Noticed qw's ghost (amateur MiHu)
  1894 | D:3      | Reached XP level 5. HP: 32/32 MP: 5/5
  2041 | D:3      | 2041 ||| UPGRADING to +0 chain mail.
  2051 | D:3      | 2051 ||| DROPPING +0 scale mail.
  2052 | D:3      | 2052 ||| READING 3 scrolls labelled SEINIFFUSM.
  2053 | D:3      | 2053 ||| READING scroll labelled RILOUHO DOXKE.
  2054 | D:3      | 2054 ||| READING 2 scrolls of identify.
  2054 | D:3      | 2054 ||| IDENTIFYING inky potion
  2068 | D:4      | 2068 ||| PLANNING OSSUARY
  2076 | D:4      | Found a runed translucent gate.
  2077 | D:4      | Found a runed translucent gate.
  2078 | D:4      | Found a runed translucent gate.
  2079 | D:4      | Noticed qw's ghost (amateur MiHu)
  2104 | D:4      | Reached skill level 5 in Axes
  2151 | D:4      | 2151 ||| Stepping ~*~*~tactically~*~*~ (stealth).
  2152 | D:4      | 2152 ||| Stepping ~*~*~tactically~*~*~ (stealth).
  2153 | D:4      | 2153 ||| Stepping ~*~*~tactically~*~*~ (stealth).
  2173 | D:4      | 2173 ||| Stepping ~*~*~tactically~*~*~ (stealth).
  2188 | D:4      | 2188 ||| Stepping ~*~*~tactically~*~*~ (stealth).
  2213 | D:4      | Reached XP level 6. HP: 31/39 MP: 6/6
  2318 | D:4      | 2318 ||| DROPPING +0 whip.
  2340 | D:4      | Found an ancient bone altar of Kikubaaqudgha.
  2440 | D:4      | Found a runed translucent door.
  2441 | D:4      | Noticed Crazy Yiuf
  2641 | D:4      | 2641 ||| Stepping ~*~*~tactically~*~*~ (stealth).
  2644 | D:4      | 2644 ||| Stepping ~*~*~tactically~*~*~ (stealth).
  2669 | D:4      | Reached skill level 6 in Axes
  2684 | D:4      | Found a blossoming altar of Fedhas.
  2697 | D:4      | 2697 ||| RIP OSSUARY
  2704 | D:4      | Found an iron altar of Okawaru.
  2704 | D:4      | Found a broken altar of Ashenzari.
  2705 | D:4      | 2705 ||| PLANNING OKAWARU WORSHIP
  2705 | D:4      | 2705 ||| UPGRADING to +0 pair of boots.
  2710 | D:4      | 2710 ||| READING 3 scrolls labelled SEGIAMPOGO.
  2711 | D:4      | 2711 ||| READING scroll labelled KIFEMN AROXT.
  2712 | D:4      | 2712 ||| READING scroll labelled ONUS UFOYPE.
  2713 | D:4      | 2713 ||| DRINKING 2 gluggy clear potions.
  2713 | D:4      | Gained mutation: Your body sometimes deteriorates upon
                  | taking damage. [potion of mutation]
  2713 | D:4      | Gained mutation: You have large cloven feet. [potion of
                  | mutation]
  2714 | D:4      | 2714 ||| DRINKING 2 lumpy inky potions.
  2715 | D:4      | 2715 ||| READING 2 scrolls of identify.
  2715 | D:4      | 2715 ||| IDENTIFYING bubbling emerald potion
  2716 | D:4      | 2716 ||| DROPPING 2 scrolls of fear.
  2718 | D:4      | Found a sparkling altar of Nemelex Xobeh.
  2724 | D:4      | Became a worshipper of Warmaster Okawaru
  2724 | D:4      | 2724 ||| PLANNING D:1-11
  2895 | D:5      | Entered Level 5 of the Dungeon
  2906 | D:5      | Reached skill level 1 in Dodging
  2906 | D:5      | Reached XP level 7. HP: 44/44 MP: 7/7
  2977 | D:5      | Found a sacrificial altar of Ru.
  3044 | D:5      | Found a staircase to the Ecumenical Temple.
  3050 | D:5      | Noticed Blork the orc
  3058 | D:5      | Killed Blork the orc
  3069 | D:5      | 3069 ||| DROPPING +0 mace.
  3108 | D:5      | 3108 ||| Stepping ~*~*~tactically~*~*~ (stealth).
  3284 | D:5      | Identified the +7 short sword "Ubopoz" {freeze, *Rage Will-
                  | rCorr SInv}
  3355 | D:5      | 3355 ||| READING scroll labelled WOJOUK CAAF.
  3386 | D:5      | 3386 ||| DRINKING 2 fizzy emerald potions.
  3387 | D:5      | 3387 ||| READING 4 scrolls of identify.
  3387 | D:5      | 3387 ||| IDENTIFYING fuming orange potion
  3388 | D:5      | 3388 ||| READING 3 scrolls of identify.
  3388 | D:5      | 3388 ||| IDENTIFYING dark potion
  3389 | D:5      | 3389 ||| DROPPING potion of invisibility.
  3390 | D:5      | 3390 ||| DROPPING potion of enlightenment.
  3408 | D:5      | Reached * piety under Okawaru
  3409 | D:5      | Reached skill level 7 in Axes
  3426 | D:6      | Reached skill level 1 in Invocations
  3454 | D:6      | Reached XP level 8. HP: 44/49 MP: 9/9
  3522 | D:6      | 3522 ||| INVOKING Heroism.
  3535 | D:6      | 3535 ||| INVOKING Heroism.
  3546 | D:6      | Reached skill level 3 in Invocations
  3546 | D:6      | 3546 ||| INVOKING Heroism.
  3763 | D:6      | 3763 ||| INVOKING Heroism.
  3766 | D:6      | HP: 11/49 [wight/+4 spear (5)]
  3767 | D:6      | 3767 ||| READING 6 scrolls of teleportation.
  3768 | D:6      | 3768 ||| DRINKING potion of heal wounds.
  3834 | D:6      | 3834 ||| DROPPING +0 flail.
  3837 | D:6      | 3837 ||| DROPPING +3 flail of freezing.
  3850 | D:6      | 3850 ||| Stepping ~*~*~tactically~*~*~ (stealth).
  3862 | D:6      | 3862 ||| INVOKING Heroism.
  3873 | D:6      | Reached skill level 8 in Axes
  3881 | D:6      | 3881 ||| INVOKING Heroism.
  3941 | D:6      | Found the +1 Delatra's gloves {ID++}
  3990 | D:6      | Reached skill level 6 in Fighting
  4035 | D:6      | 4035 ||| Stepping ~*~*~tactically~*~*~ (stealth).
  4079 | D:6      | 4079 ||| Stepping ~*~*~tactically~*~*~ (stealth).
  4081 | D:6      | 4081 ||| Stepping ~*~*~tactically~*~*~ (stealth).
  4083 | D:6      | 4083 ||| Stepping ~*~*~tactically~*~*~ (stealth).
  4085 | D:6      | 4085 ||| Stepping ~*~*~tactically~*~*~ (stealth).
  4087 | D:6      | 4087 ||| Stepping ~*~*~tactically~*~*~ (stealth).
  4089 | D:6      | 4089 ||| Stepping ~*~*~tactically~*~*~ (stealth).
  4091 | D:6      | 4091 ||| Stepping ~*~*~tactically~*~*~ (stealth).
  4093 | D:6      | 4093 ||| Stepping ~*~*~tactically~*~*~ (stealth).
  4095 | D:6      | 4095 ||| Stepping ~*~*~tactically~*~*~ (stealth).
  4096 | D:6      | 4096 ||| Stepping ~*~*~tactically~*~*~ (stealth).
  4106 | D:6      | Reached XP level 9. HP: 52/55 MP: 12/12
  4148 | D:6      | 4148 ||| INVOKING Heroism.
  4264 | D:6      | Found a snail-covered altar of Cheibriados.
  4373 | D:6      | Noticed Menkaure
  4374 | D:6      | 4374 ||| FLEEEEING.
  4389 | D:6      | 4389 ||| FLEEEEING.
  4390 | D:6      | 4390 ||| FLEEEEING.
  4391 | D:6      | 4391 ||| FLEEEEING.
  4392 | D:6      | 4392 ||| FLEEEEING.
  4394 | D:6      | 4394 ||| FLEEEEING.
  4395 | D:6      | 4395 ||| INVOKING Heroism.
  4400 | D:6      | Killed Menkaure
  4544 | D:6      | 4544 ||| UPGRADING to +0 plate armour.
  4554 | D:6      | 4554 ||| DROPPING +0 chain mail.
  4555 | D:6      | 4555 ||| UPGRADING to +4 ring of protection.
  4556 | D:6      | 4556 ||| READING 2 scrolls of identify.
  4556 | D:6      | 4556 ||| IDENTIFYING purple potion
  4557 | D:6      | 4557 ||| DROPPING potion of berserk rage.
  4703 | D:7      | 4703 ||| Stepping ~*~*~tactically~*~*~ (stealth).
  4710 | D:7      | 4710 ||| INVOKING Heroism.
  4711 | D:7      | 4711 ||| Stepping ~*~*~tactically~*~*~ (stealth).
  4715 | D:7      | 4715 ||| Stepping ~*~*~tactically~*~*~ (stealth).
  4725 | D:7      | 4725 ||| INVOKING Heroism.
  4731 | D:7      | Reached skill level 1 in Throwing
  4802 | D:7      | 4802 ||| INVOKING Heroism.
  4820 | D:7      | Reached skill level 9 in Axes
  4934 | D:7      | 4934 ||| Stepping ~*~*~tactically~*~*~ (hiding).
  4949 | D:7      | 4949 ||| INVOKING Heroism.
  4960 | D:7      | 4960 ||| Stepping ~*~*~tactically~*~*~ (water).
  4963 | D:7      | Reached skill level 6 in Armour
  4963 | D:7      | 4963 ||| Stepping ~*~*~tactically~*~*~ (cloud).
  4965 | D:7      | 4965 ||| Stepping ~*~*~tactically~*~*~ (water).
  5052 | D:7      | Found a faded altar of an unknown god.
  5052 | D:7      | Noticed a white ugly thing
  5052 | D:7      | Found the Hermit's Pendant {Faith Invo=14 Evo=0 MP+5}
  5054 | D:7      | 5054 ||| INVOKING Heroism.
  5064 | D:7      | Killed a white ugly thing
  5064 | D:7      | Reached ** piety under Okawaru
  5155 | D:7      | Found a shimmering altar of Xom.
  5286 | D:7      | 5286 ||| UPGRADING to Hermit's Pendant {Faith Invo=14 Evo=0
                  | MP+5}.
  5355 | D:7      | 5355 ||| READING scroll labelled QIOBBU MUXOEC.
  5355 | D:7      | Identified a scroll of acquirement
  5355 | D:7      | 5355 ||| ACQUIRING +0 buckler "Ogan" {Harm Rampage rC- rN+}
  5355 | D:7      | Acquired the +0 buckler "Ogan" {Harm Rampage rC- rN+}
  5357 | D:7      | 5357 ||| READING 2 scrolls of identify.
  5357 | D:7      | 5357 ||| IDENTIFYING coppery potion
  5371 | D:8      | 5371 ||| Stepping ~*~*~tactically~*~*~ (stealth).
  5376 | D:8      | 5376 ||| INVOKING Heroism.
  5381 | D:8      | Reached XP level 10. HP: 22/61 MP: 20/20
  5387 | D:8      | Noticed a two-headed ogre
  5389 | D:8      | Reached *** piety under Okawaru
  5392 | D:8      | 5392 ||| FLEEEEING.
  5393 | D:8      | 5393 ||| STAIRDANCE
  5516 | D:8      | 5516 ||| INVOKING Heroism.
  5522 | D:8      | Killed a two-headed ogre
  5523 | D:8      | Reached skill level 10 in Axes
  5523 | D:8      | 5523 ||| Stepping ~*~*~tactically~*~*~ (stealth).
  5536 | D:8      | Identified the +3 robe of the Goldsmith {rPois Str-4 Int+3}
  5728 | D:8      | 5728 ||| Stepping ~*~*~tactically~*~*~ (hiding).
  5735 | D:8      | 5735 ||| INVOKING Heroism.
  5737 | D:8      | 5737 ||| Stepping ~*~*~tactically~*~*~ (cloud).
  5738 | D:8      | 5738 ||| Stepping ~*~*~tactically~*~*~ (cloud).
  5750 | D:8      | Noticed an oklob plant
  5751 | D:8      | Noticed an oklob plant
  5768 | D:8      | Noticed an oklob plant
  5769 | D:8      | Noticed an oklob plant
  5780 | D:8      | HP: 8/63 [oklob plant/splash of acid (28)]
  5781 | D:8      | 5781 ||| READING 6 scrolls of teleportation.
  5782 | D:8      | 5782 ||| DRINKING 2 potions of heal wounds.
  5903 | D:8      | 5903 ||| Stepping ~*~*~tactically~*~*~ (stealth).
  5904 | D:8      | 5904 ||| Stepping ~*~*~tactically~*~*~ (stealth).
  5905 | D:8      | 5905 ||| INVOKING Heroism.
  5916 | D:8      | HP: 12/63 [orc wizard/puff of flame (8)]
  5917 | D:8      | 5917 ||| READING 5 scrolls of teleportation.
  5917 | D:8      | Killed from afar by an oklob plant

Levels and vault maps discovered:
D:1:      dpeg_arrival_court, layout_loops_ring
D:2:      layout_basic, minmay_tetromino_s4, uniq_robin
D:3:      layout_loops_ring, gammafunk_ghost_grave, uniq_ijyb
D:4:      layout_rooms, mainiacjoe_overflow_six_doors_small, minitemple,
          gammafunk_ghost_split, gup_ossuary_entry_pyramid, minmay_quantized,
          uniq_crazy_yiuf_cottage
D:5:      layout_cave_pools, lemuel_doored_altar, minmay_temple_entry_hall,
          kennysheep_big_empty_room, nicolae_elevator_lobby_asterisk,
          uniq_blork_the_orc
D:6:      layout_basic, cheibriados_altar_1, serial_bayou, serial_bayou_pond_d,
          serial_bayou_ford_a, serial_bayou_crossing, serial_bayou_pond_d,
          grunt_ministairs_14, minmay_misc_feat_hallway,
          pf_guarded_unrand_delatra, uniq_menkaure
D:7:      layout_rooms, lemuel_crystal_altar, serial_bayou, serial_bayou_lake_a,
          serial_bayou_pond_c, serial_bayou_pond_d, serial_bayou_pond_d,
          serial_bayou_pond_d, hellmonk_guarded_unrand_hermit
D:8:      layout_basic, grunt_temple_overflow_open, enter_bailey_4,
          disabler_island

Skill      XL: |  1  2  3  4  5  6  7  8  9 10 |
---------------+-------------------------------+-----
Axes           | 2 3 4 5 6 7 8 9 10 | 10.3
Fighting       | 4 5 6 7 |  7.5
Dodging        | 1 |  1.4
Invocations    | 2 4 |  4.1
Armour         | 4 6 7 |  7.0
Throwing       | 1 |  1.0
Shields        | 5 |  5.7

Action                     |  1- 3 |  4- 6 |  7- 9 | 10-12 || total
---------------------------+-------+-------+-------+-------++-------
  Melee: War axe           |    84 |   192 |   331 |    54 ||   661
  Throw: Boomerang         |       |       |     5 |       ||     5
 Invoke: Heroism           |       |       |    14 |     3 ||    17
    Use: Scroll            |     3 |     8 |     7 |     2 ||    20
         Potion            |       |     2 |     2 |     1 ||     5
   Stab: Invisible         |       |       |     2 |       ||     2
 Armour: Scale mail        |    49 |    30 |       |       ||    79
         Chain mail        |       |    75 |   111 |       ||   186
         Plate armour      |       |       |    75 |    35 ||   110
  Dodge: Dodged            |    51 |    67 |    91 |    17 ||   226
  Block: Buckler           |    16 |    42 |    45 |     9 ||   112

Table legend:
 A = Non-vault XP
 B = Vault XP
 C = Vault XP percentage of total XP
 D = Non-vault monster count
 E = Vault monster count
 F = Vault count percentage of total count
                 A         B        C        D         E       F
            +---------+---------+-------+---------+---------+-------
      Total |    5503 |    1554 |  22.0 |     121 |      35 |  22.4
            +---------+---------+-------+---------+---------+-------
        D:1 |      13 |       0 |   0.0 |       7 |       0 |   0.0
        D:2 |      48 |      37 |  43.5 |      14 |      12 |  46.2
        D:3 |      64 |      36 |  36.0 |      16 |       1 |   5.9
        D:4 |     305 |     106 |  25.8 |      21 |       2 |   8.7
        D:5 |     332 |      99 |  23.0 |       7 |       1 |  12.5
        D:6 |    1332 |     543 |  29.0 |      23 |      17 |  42.5
        D:7 |     972 |     588 |  37.7 |      19 |       1 |   5.0
        D:8 |    2437 |     145 |   5.6 |      14 |       1 |   6.7
            +---------+---------+-------+---------+---------+-------
